 Dungeon Crawl Stone Soup version 0.29-a0-649-g45c230d69a (webtiles) character file.

Game seed: 3960042307219022917

227 Essalna the Chiller (level 5, -3/35 HPs)
             Began as a Demonspawn Ice Elementalist on June 21, 2022.
             Slain by a gnoll
             ... wielding a +2 halberd of protection
              (10 damage)
             ... on level 3 of the Dungeon.
             The game lasted 00:05:37 (3229 turns).

Essalna the Chiller (Demonspawn Ice Elementalist)   Turns: 3229, Time: 00:05:37

Health: -3/35      AC: 12    Str:  8    XL:     5   Next: 70%
Magic:  3/11       EV: 12    Int: 18    God:
Gold:   89         SH:  0    Dex: 14    Spells: 5/12 levels left

rFire   . . .      SeeInvis .   e - +0 dagger
rCold   . . .      Faith    .   (no shield)
rNeg    . . .      Spirit   .   h - +0 robe {Will+}
rPois   .          Reflect  .   (no helmet)
rElec   .          Harm     .   u - scarf {repulsion}
rCorr   .          Rampage  .   l - +0 pair of gloves
Will    +....                   n - +0 pair of boots
Stlth   ++........              (no amulet)
HPRegen 0.11/turn               (no ring)
MPRegen 0.12/turn               (no ring)

@: ice-armoured, freezing walls, repel missiles
A: slimy green scales 1, powered by pain 1, weakness stinger 1
a: no special abilities


You were on level 3 of the Dungeon.
You visited 1 branch of the dungeon, and saw 3 of its levels.

You collected 89 gold pieces.

Inventory:

Hand Weapons
 e - a +0 dagger (weapon)
Armour
 a - a +0 robe
 h - a +0 robe of willpower (worn)
 l - a +0 pair of gloves (worn)
 n - a +0 pair of boots (worn)
 u - a scarf of repulsion (worn)
Wands
 q - a wand of polymorph (10)
Scrolls
 c - a scroll of fear {unknown}
 g - 6 scrolls of identify {unknown}
 i - a scroll of teleportation {unknown}
 o - 2 scrolls of noise {unknown}
 r - 2 scrolls of vulnerability {unknown}
 s - a scroll of magic mapping {unknown}
Potions
 b - a potion of magic
 d - a potion of lignification {unknown}
 f - 2 potions of curing {unknown}
 j - a potion of cancellation {unknown}
 k - 2 potions of haste {unknown}
 m - a potion of degeneration {unknown}
 p - a potion of heal wounds {unknown}
 t - a potion of berserk rage {unknown}


   Skills:
 - Level 1.7 Dodging
 - Level 1.7 Stealth
 + Level 4.1 Spellcasting
 + Level 5.2 Ice Magic


You had 5 spell levels left.
You knew the following spells:

 Your Spells              Type           Power      Damage    Failure   Level
a - Freeze                Ice            88%        1d10      1%          1
b - Ozocubu's Armour      Ice            22%        N/A       4%          3
c - Frozen Ramparts       Ice            44%        1d6       4%          3

Your spell library contained the following spells:

 Spells                   Type           Power      Damage    Failure   Level
 Tukima's Dance           Hex            3%         N/A       41%         3
 Hailstorm                Conj/Ice       13%        3d5       45%         4
 Passage of Golubria      Tloc           3%         N/A       82%         4
 Yara's Violent Unravell  Hex/Tmut       1%         3d3       99%         5


Dungeon Overview and Level Annotations

Branches:
Dungeon (3/15)

Altars:

Shops:
D:2 **


Innate Abilities, Weirdness & Mutations

You are partially covered in slimy green scales. (AC +2)
You sometimes gain a little power by taking damage.
You have a small tail.


Message History

You barely miss the worm.
The worm is severely wounded.
The wall freezes the worm.
You kill the worm!
The wall freezes the goblin.
You kill the goblin!
The wall freezes the gnoll.
The gnoll hits you from afar with a +0 halberd of freezing!
The gnoll freezes you.
The wall freezes the gnoll!
You are too injured to fight recklessly!
The wall freezes the gnoll.
The gnoll barely misses you.
The wall freezes the gnoll.
The gnoll hits you with a +0 whip.
The frozen ramparts melt away.
The gnoll completely misses you.
The gnoll hits you from afar with a +0 halberd of freezing.
The gnoll freezes you.
Casting: Frozen Ramparts (dangerous; 5% risk of failure)
Confirm with . or Enter, or press ? or * to list all spells.
Okay, then.
Unknown command.
Your icy armour will break if you move.
Continue?
Okay, then.
Unknown command.
Unknown command.
Casting: Frozen Ramparts (dangerous; 5% risk of failure)
Confirm with . or Enter, or press ? or * to list all spells.
Casting: Frozen Ramparts (dangerous; 5% risk of failure)
Press: ? - help, Dir - look around, f - activate The walls around you are covered in ice.
The wall freezes the gnoll.
The gnoll hits you from afar with a +2 halberd of protection.
The wall freezes the gnoll.
The gnoll hits you from afar with a +0 halberd of freezing.
* * * LOW HITPOINT WARNING * * *
The gnoll freezes you.
* * * LOW HITPOINT WARNING * * *
The wall freezes the gnoll.
You kill the gnoll!
The wall freezes the gnoll.
The gnoll hits you from afar with a +2 halberd of protection!
You die...

# #. #.# ## .=.
....#g#############.#
#.g.)......#...#.#
#@##### #.#.#.#
#.....# #.#.#.####
#..#..# #.#.......
#).#.##.#.#.......
#.......#.#.......
#.##.####.#.......
#.........#†......
#...........#.......
#############.#.####


You could see 2 gnolls.

Vanquished Creatures
  A bullfrog (D:3)
  5 gnolls (D:3)
  5 adders
  A worm (D:3)
  A dart slug (D:2)
  4 orcs (D:3)
  2 ball pythons
  3 endoplasms
  2 giant cockroaches (D:2)
  6 goblins
  7 hobgoblins
  3 jackals (D:2)
  5 kobolds
  5 quokkas
  3 bats
  2 frilled lizards (D:1)
  6 rats
61 creatures vanquished.

Notes
Turn   | Place    | Note
-------+----------+-------------------------------------------
     0 | D:1      | Essalna the Demonspawn Ice Elementalist began the quest for
                  | the Orb.
     0 | D:1      | Reached XP level 1. HP: 13/13 MP: 3/3
   333 | D:1      | Gained mutation: You sometimes gain a little power by
                  | taking damage. [demonic ancestry]
   333 | D:1      | Reached XP level 2. HP: 15/19 MP: 1/5
  1168 | D:1      | Reached skill level 4 in Ice Magic
  1670 | D:2      | Gained mutation: You are partially covered in slimy green
                  | scales. (AC +2) [demonic ancestry]
  1670 | D:2      | Reached XP level 3. HP: 23/24 MP: 1/7
  1906 | D:2      | Found Yzxoymon's General Store.
  2146 | D:2      | Reached XP level 4. HP: 25/30 MP: 4/8
  2336 | D:2      | Found Gamexero's Assorted Antiques.
  2617 | D:2      | Learned a level 3 spell: Ozocubu's Armour
  2621 | D:2      | Learned a level 3 spell: Frozen Ramparts
  2972 | D:3      | Noticed a bullfrog
  2983 | D:3      | Killed a bullfrog
  2984 | D:3      | Reached skill level 5 in Ice Magic
  2984 | D:3      | Gained mutation: You have a small tail. [demonic ancestry]
  2984 | D:3      | Reached XP level 5. HP: 35/35 MP: 3/11
  3229 | D:3      | Slain by a gnoll

Illustrated notes

Levels and vault maps discovered:
D:1:      scummos_arrival_simple_crosswalls, layout_loops_ring
D:2:      layout_basic, serial_shops, nicolae_lakefront_shop, shop,
          lemuel_another_geyser
D:3:      layout_basic, ebering_ghost_inner_flame,
          chequers_ecumenical_altar_simple_redux

Skill      XL: |  1  2  3  4 |
---------------+-------------+-----
Ice Magic      | 4 5 |  5.2
Spellcasting   | 3 4 |  4.1
Dodging        | |  1.7
Stealth        | |  1.7

Action                   |  1- 3 |  4- 6 || total
-------------------------+-------+-------++-------
Melee: Unarmed           |     4 |       ||     4
       Dagger            |     7 |    16 ||    23
       Tailslap          |       |     1 ||     1
 Cast: Freeze            |    59 |    12 ||    71
       Frozen Ramparts   |       |     5 ||     5
       Ozocubu's Armour  |       |     2 ||     2
Armor: Robe              |    11 |     6 ||    17
Dodge: Dodged            |    35 |    17 ||    52

Table legend: (Time is in decaauts)
 A = Elapsed time spent in this place.
 B = Non-inter-level travel time spent in this place.
 C = Inter-level travel time spent in this place.
 D = Time resting spent in this place.
 E = Time spent auto-exploring this place.
 F = Levels seen in this place.
 G = Mean time per level.
                   A        B        C        D        E       F      G
               +--------+--------+--------+--------+--------+-----+--------+
         Total |   3228 |   3087 |    141 |      0 |   2642 |   3 | 1076.0 |
       Dungeon |   3228 |   3087 |    141 |      0 |   2642 |   3 | 1076.0 |
               +--------+--------+--------+--------+--------+-----+--------+

Top non-repeatable levels by time:
     D:1: 1512 daAuts
     D:2: 1196 daAuts
     D:3: 518 daAuts
